 Dungeon Crawl Stone Soup version 0.30-a0-166-g5d06c95188 (webtiles) character file.

Game seed: 17627818917732156183

16 qw the Shield-Bearer (level 2, -2/19 HPs)
             Began as a Gargoyle Fighter on Sept 29, 2022.
             Frozen to death by an endoplasm (5 damage)
             ... on level 1 of the Dungeon.
             The game lasted 00:00:17 (463 turns).

qw the Shield-Bearer (Gargoyle Fighter)              Turns: 463, Time: 00:00:18

Health: -2/19      AC: 14    Str: 19    XL:     2   Next: 58%
Magic:  2/2        EV:  5    Int:  8    God:
Gold:   60         SH:  4    Dex:  9    Spells: 1/1 levels left

rFire   . . .      SeeInvis .    Y - +0 war axe
rCold   . . .      Faith    .    c - +0 buckler
rNeg    + . .      Spirit   .    h - +0 plate armour
rPois   inf        Reflect  .    (no helmet)
rElec   +          Harm     .    (no cloak)
rCorr   .          Rampage  .    (no gloves)
Will    .....                    (no boots)
Stlth   ..........               (no amulet)
HPRegen 0.06/turn                (no ring)
MPRegen 0.08/turn                (no ring)

@: no status effects
A: sickness immunity, AC +2, negative energy resistance 1, electricity
resistance, torment resistance 1, petrification resistance
a: no special abilities


You were on level 1 of the Dungeon.
You visited 1 branch of the dungeon, and saw 2 of its levels.

You collected 123 gold pieces.
You spent 63 gold pieces at shops.


Innate Abilities, Weirdness & Mutations

You are immune to sickness and miasma.
Your stone body is resilient. (AC +2)
You are immune to poison.
You resist negative energy. (rN+)
You are resistant to electric shocks. (rElec)
You are resistant to unholy torment.
You are immune to petrification.


   Skills:
 - Level 3.2 Fighting
 + Level 2.8 Axes
 - Level 3.2 Armour
 - Level 3.2 Shields


You had one spell level left.
You didn't know any spells.
Your spell library was empty.

Inventory:

Hand Weapons
 m - a +0 flail
 Y - a +0 war axe (weapon)
Armour
 c - a +0 buckler (worn)
 h - a +0 plate armour (worn)
Potions
 d - a potion of might
 i - a potion of haste {unknown}
 l - a potion of attraction

Dungeon Overview and Level Annotations

Branches:
Dungeon (2/15)

Altars:

Shops:
D:1 (:[


Message History

Enter note: You are starting to lose your buoyancy.
454 ||| STAIRDANCE The hobgoblin barely misses you.
You fly upwards.
Your butterfly disappears in a burst of colours! x8
There is a stone staircase leading down here.
You slash the hobgoblin!
You kill the hobgoblin!
Done exploring.
(D) Dungeon
Where to? (* - list waypoints, Enter - D:2, ? - help)
What level of the Dungeon? (default 1, ? - help)
You float gracefully downwards.
You climb downwards.
The kobold barely misses you. The endoplasm freezes you.
You are frozen.
There is a stone staircase leading up here.
459 ||| STAIRDANCE The kobold hits you but does no damage.
The endoplasm freezes you.
You are frozen.
You climb upwards.
There is a stone staircase leading down here.
You hit the endoplasm.
The endoplasm is almost dead.
You hit the kobold.
You kill the kobold!
The endoplasm freezes you.
You are frozen.
You barely miss the endoplasm.
The endoplasm is almost dead.
The endoplasm freezes you.
You are frozen.
The endoplasm hits you but does no damage.
You barely miss the endoplasm.
The endoplasm is almost dead.
The endoplasm freezes you.
You are frozen.
You die...

#...b..# #.....###....
#########bbb...## #.....##.....
..##....b#bbbb..## #.....#......
.........bbbbbb..## #............
......b.bbb[bbbb..###............
.........bb...b#+#...............
...........bbbb#.####............
.#.......b.....#)# #####........
.......^bb...)b#@### #.b#..%..
...............J.'.######...#....
.#...............%....##....##b..
.7.......##....#\####.#..##.....#
7.7...##########.####....######.#
...7...##### #.#...b.b.######.#
.\..7#.....## #+#..####.........
.%.7..####..####.#..##########.##
7.7.......#....#.........###.....


You could see an endoplasm.

Vanquished Creatures
  4 bats (D:1)
  An endoplasm (D:1)
  2 hobgoblins (D:1)
  4 kobolds (D:1)
  A quokka (D:1)
  3 ball pythons (D:1)
15 creatures vanquished.

Notes
Turn   | Place    | Note
-------+----------+-------------------------------------------
     0 | D:1      | qw the Gargoyle Fighter began the quest for the Orb.
     0 | D:1      | Reached XP level 1. HP: 14/14 MP: 1/1
     0 | D:1      | 0 ||| qw: Version: 0.2-a-12-gaebbb33
     0 | D:1      | 0 ||| qw: Game counter: 1047
     0 | D:1      | 0 ||| qw: Always use a shield: true
     0 | D:1      | 0 ||| qw: God list: Okawaru
     0 | D:1      | 0 ||| qw: Allow faded altars: false
     0 | D:1      | 0 ||| qw: Do Orc after D:15 true
     0 | D:1      | 0 ||| qw: Do second Lair branch before Depths: true
     0 | D:1      | 0 ||| qw: Lair rune preference: random
     0 | D:1      | 0 ||| qw: Plans: Normal, Zot:1-4, God:TSO, Crypt, Tomb,
                  | Pan, Slime:5, Hells, Abyss, Orb
     0 | D:1      | 0 ||| PLANNING D:1-11
    22 | D:1      | 22 ||| Stepping ~*~*~tactically~*~*~ (stealth).
   164 | D:1      | Reached XP level 2. HP: 19/19 MP: 2/2
   185 | D:1      | Found Biateipa's Antique Armour Emporium.
   188 | D:1      | 188 ||| SHOPLISTING shiny chain mail (150 gold, have 60).
   196 | D:1      | Found Qauklog's Book Shop.
   211 | D:1      | Found Salabbyech's Antique Weapon Emporium.
   224 | D:1      | 224 ||| DROPPING +0 club.
   239 | D:1      | 239 ||| SHOPLISTING +14 obsidian axe {vorpal, Mesm Drain
                  | Fly SInv} (1506 gold, have 86).
   239 | D:1      | 239 ||| BUYING flail (63 gold).
   239 | D:1      | Bought a flail for 63 gold pieces
   239 | D:1      | 239 ||| SHOPLISTING morningstar (72 gold, have 23).
   250 | D:1      | 250 ||| DROPPING +0 whip.
   395 | D:1      | 395 ||| UPGRADING to +0 chain mail.
   405 | D:1      | 405 ||| DROPPING +0 scale mail.
   406 | D:1      | 406 ||| UPGRADING to +0 plate armour.
   416 | D:1      | 416 ||| DROPPING +0 chain mail.
   417 | D:1      | 417 ||| READING scroll labelled PUUNIT WEMAE.
   418 | D:1      | 418 ||| READING scroll labelled AFRIUX DIUL.
   419 | D:1      | 419 ||| READING scroll labelled SOAGEO RUEVIN.
   420 | D:1      | 420 ||| READING scroll labelled QADAXOCHIU.
   421 | D:1      | 421 ||| READING scroll labelled YKHEMYDUTZO.
   426 | D:1      | 426 ||| DRINKING 2 lumpy golden potions.
   427 | D:1      | 427 ||| DRINKING 2 purple potions.
   428 | D:1      | 428 ||| DROPPING potion of flight.
   454 | D:2      | 454 ||| STAIRDANCE
   459 | D:2      | 459 ||| STAIRDANCE
   462 | D:1      | HP: 3/19 [frozen (5)]
   463 | D:1      | Frozen to death by an endoplasm

Levels and vault maps discovered:
D:1:      minmay_arrival_stone_box, layout_rooms, serial_shops, shop,
          nicolae_diamond_shop, nicolae_shop_hallway_stairs
D:2:      layout_rooms, basic_ecumenical_altar

Skill      XL: |  1 |
---------------+----+-----
Axes           | 2 |  2.8
Fighting       | |  3.2
Armour         | |  3.2
Shields        | |  3.2

Action                   || total
-------------------------++-------
Melee: War axe           ||    36
  Use: Scroll            ||     5
       Potion            ||     2
Armor: Scale mail        ||    14
       Plate armour      ||     2
Dodge: Dodged            ||    24
Block: Buckler           ||     7

Table legend:
 A = Non-vault XP
 B = Vault XP
 C = Vault XP percentage of total XP
 D = Non-vault monster count
 E = Vault monster count
 F = Vault count percentage of total count
                 A         B        C        D         E       F
            +---------+---------+-------+---------+---------+-------
      Total |      24 |       0 |   0.0 |      15 |       0 |   0.0
            +---------+---------+-------+---------+---------+-------
        D:1 |      24 |       0 |   0.0 |      15 |       0 |   0.0
            +---------+---------+-------+---------+---------+-------
